Map: Eternal Empire LE

Players

arxangellos - Winner!

  • Race: Protoss Protoss
  • League: Platinum
  • Spawn Location: 1:00

Iceweaver

  • Race: Zerg Zerg
  • League: Gold
  • Spawn Location: 7:00

VOD

Have the link to the VOD?

Description

Time

  • Played on: June 26, 2020, 7:21 a.m.
  • Length: 12:09
Show
View Real Time Build Order
Export as new Build Order

arxangellos Protoss - Winner!

Build Orders: 1 Gate Expand, Zealot Archon, Dark Templar Rush 

Get SALT Encoding   

  12  0:02  Probe  
  13  0:14  Probe  
  14  0:22  Pylon  
  14  0:26  Probe  
  15  0:36  Probe  
  16  0:44  Probe  
  16  0:46  Gateway  
  17  0:52  Assimilator  
  17  0:55  Probe  
  18  1:07  Probe  
  19  1:22  Pylon  
  19  1:25  Pylon  
  19  1:37  Nexus  
  19  1:43  Cybernetics Core  
  19  1:51  Pylon  
  19  1:57  Probe  
  19  1:59  Assimilator  
  20  2:10  Stalker, Probe  
  21  2:16  Gateway  
  23  2:34  Gateway  
  23  2:36  Warp Gate  
  23  2:39  Probe  
  23  2:40  Assimilator  
  24  2:51  Probe  
  25  3:03  Probe  
  26  3:13  Adept  
  26  3:15  Probe  
  29  3:20  Twilight Council  
  29  3:22  Robotics Facility  
  29  3:30  Probe  
  29  3:31  Pylon  
  29  3:33  Probe  
  31  3:38  Probe  
  31  3:41  Adept  
  31  3:45  Probe  
  31  3:47  Probe  
  36  3:57  Probe  
  36  3:59  Probe, Dark Shrine  
  38  4:09  Probe  
  39  4:11  Probe  
  39  4:16  Warp Prism  
  42  4:24  Charge  
  42  4:25  Probe x2  
  44  4:36  Assimilator  
  44  4:37  Probe  
  45  4:41  Pylon  
  41  5:12  Dark Templar x3  
  47  5:21  Probe x2  
  49  5:33  Probe x2  
  49  5:34  Immortal  
  55  5:41  Nexus  
  55  5:45  Probe x2  
  57  6:04  Nexus, Pylon  
  57  6:08  Pylon  
  57  6:12  Dark Templar  
  57  6:13  Dark Templar  
  57  6:15  Pylon  
  61  6:54  Dark Templar x3  
  61  6:58  Archon  
  61  6:59  Archon x2  
  67  7:13  Archon  
  63  7:24  Gateway  
  63  7:25  Gateway  
  63  7:27  Gateway  
  63  7:29  Gateway  
  63  7:31  Probe  
  63  7:33  Pylon  
  63  7:35  Pylon  
  60  7:37  Pylon  
  60  7:40  Gateway  
  60  7:43  Gateway, Probe  
  65  7:44  Gateway, Immortal  
  65  7:45  Zealot x2  
  65  7:46  Zealot  
  69  7:51  Pylon  
  69  7:53  Pylon  
  69  7:55  Probe  
  69  7:57  Pylon  
  70  8:01  Stargate  
  70  8:03  Shield Battery  
  70  8:06  Shield Battery  
  70  8:07  Probe  
  70  8:12  Shield Battery  
  71  8:13  Shield Battery  
  71  8:14  Shield Battery  
  71  8:17  Shield Battery  
  71  8:21  Pylon  
  71  8:23  Immortal  
  71  8:24  Pylon  
  75  8:27  Dark Templar  
  75  8:29  Zealot  
  79  8:36  Templar Archives  
  79  8:55  Zealot  
  81  8:56  Zealot x2  
  81  8:59  Zealot x3  
  89  9:21  Fleet Beacon  
  89  9:23  Psionic Storm  
  89  9:25  Probe x3  
  89  9:28  Pylon  
  92  9:34  Pylon  
  92  9:37  Probe  
  93  9:41  Pylon  
  93  9:42  Warp Prism  
  95  10:07  Zealot x7  
  95  10:09  High Templar x2  
  113  10:18  Pylon  
  113  10:21  Pylon  
  113  10:22  Zealot  
  115  10:31  Carrier  
  121  11:01  Dark Templar x5  
  121  11:02  Dark Templar x2  
  135  11:18  High Templar x3  
  141  11:23  Archon  
  141  11:28  Archon x3  
  141  11:36  Zealot x7  
Show
View Real Time Build Order
Export as new Build Order

Iceweaver Zerg 

Build Orders: Hatch First 

Get SALT Encoding   

  12  0:03  Drone  
  13  0:15  Overlord  
  13  0:23  Drone  
  14  0:33  Drone  
  15  0:41  Drone  
  15  0:42  Drone  
  17  0:51  Drone  
  18  1:01  Drone  
  18  1:03  Hatchery  
  18  1:05  Extractor  
  18  1:09  Drone  
  18  1:17  Spawning Pool  
  17  1:21  Drone  
  18  1:46  Drone x2  
  20  1:58  Overlord  
  20  2:05  Zergling x2  
  21  2:14  Queen  
  23  2:19  Zergling x2  
  23  2:22  Queen  
  24  2:24  Drone  
  24  2:25  Drone  
  28  2:36  Metabolic Boost  
  28  2:41  Drone x3  
  31  2:47  Overlord  
  31  3:06  Queen  
  31  3:08  Drone  
  31  3:09  Drone x3  
  37  3:17  Zergling x2  
  38  3:21  Hatchery  
  37  3:38  Drone  
  37  3:39  Drone x5  
  43  3:45  Overlord x2  
  43  4:03  Queen x2  
  43  4:04  Zergling x2  
  43  4:05  Zergling x4  
  50  4:17  Drone x3  
  50  4:18  Extractor  
  50  4:20  Drone  
  53  4:31  Overlord  
  53  4:32  Overlord  
  53  4:38  Queen  
  53  4:41  Drone x5  
  59  5:13  Drone x3  
  59  5:14  Drone x6  
  68  5:18  Extractor  
  68  5:20  Drone x2  
  68  5:21  Extractor  
  68  5:23  Queen x2  
  74  5:40  Lair  
  74  5:42  Drone x3  
  75  5:43  Drone x2  
  75  5:44  Drone  
  75  6:22  Spore Crawler  
  61  6:37  Spore Crawler  
  60  6:40  Spore Crawler  
  59  6:48  Overseer x2  
  59  6:51  Spore Crawler  
  59  6:52  Spore Crawler  
  56  7:14  Zergling x34  
  56  7:15  Zergling x10  
  52  7:43  Drone  
  52  7:44  Drone x6  
  59  7:48  Queen  
  61  8:04  Roach Warren  
  60  8:06  Hatchery  
  60  8:07  Queen  
  61  8:22  Drone x3  
  61  8:24  Queen  
  66  8:42  Queen  
  68  9:03  Spire  
  67  9:13  Overlord x3  
  67  9:34  Roach  
  67  9:35  Roach x13  
  95  9:42  Queen x3  
  95  9:44  Drone  
  95  9:45  Drone x4  
  106  9:46  Overlord  
  106  9:47  Overlord x3  
  104  10:03  Drone  
  105  10:13  Roach  
  105  10:14  Roach x9  
  125  10:17  Ravager x4  
  125  10:18  Ravager x2  
  125  10:19  Ravager  
  132  10:33  Drone x4  
  136  10:41  Evolution Chamber x2  
  136  10:42  Drone x3  
  131  10:55  Drone  
  132  10:57  Baneling Nest  
  131  11:26  Hatchery  
  130  11:40  Spine Crawler  
  130  11:41  Spore Crawler, Spine Crawler  
  130  11:44  Roach x5  
Tags
 
Add a new tag
Caveats
  • Supply blocks, unpowered buildings, or Contaminate may cause inaccurate times.
  • Supply counts are checked every 10 seconds.